 Dungeon Crawl Stone Soup version 0.17-a0-1186-gbffdd7f (webtiles) character file.

7585 Solfyre the Fighter (level 10, 0/101 HPs)
             Began as a Minotaur Berserker on June 1, 2015.
             Was a High Priest of Trog.
             Succumbed to an orc warrior's poison
             ... on level 2 of the Orcish Mines.
             The game lasted 01:41:19 (9260 turns).

Solfyre the Fighter (Minotaur Berserker)            Turns: 9260, Time: 01:41:19

Health: 0/101      AC: 14    Str: 25    XL:     10   Next: 97%
Magic:  3/3        EV:  8    Int:  4    God:    Trog [*****.]
Gold:   529        SH:  0    Dex: 10    Spells: 0 memorised, 9 levels left

rFire  + . .     SeeInvis .     k - +3 executioner's axe (antimagic)
rCold  . . .     Clarity  .     S - +0 plate armour
rNeg   . . .     SustAt   .     (no shield)
rPois  +         Gourm    .     (helmet restricted)
rElec  .         Spirit   .     (no cloak)
rCorr  +         Warding  .     (no gloves)
rMut   .         Stasis   .     (no boots)
MR     ++...                    p - amulet of resist corrosion
Stlth  ..........               Z - ring of poison resistance
                                d - ring of protection from fire

@: lethally poisoned (0 -> -1), regenerating, very resistant to hostile
enchantments, extremely unstealthy
A: retaliatory headbutt, horns 2
a: Burn Spellbooks, Berserk, Trog's Hand, Brothers in Arms, Renounce Religion


You were on level 2 of the Orcish Mines.
You worshipped Trog.
Trog was extremely pleased with you.
You were not hungry.

You visited 2 branches of the dungeon, and saw 12 of its levels.
You also visited: Ossuary.

You collected 676 gold pieces.
You spent 147 gold pieces at shops.

Inventory:

Hand weapons
 a - a +1 hand axe
 b - a +0 battleaxe
 k - a +3 antimagic executioner's axe (weapon)
 t - a +0 hunting sling
 v - a +2 falchion of protection
 w - a cursed -1 dagger
 D - a +2 battleaxe
 T - a +2 short sword of freezing
Missiles
 q - 14 steel sling bullets
 y - 35 bolts
 F - 4 tomahawks (quivered)
 I - 16 steel bolts
Armour
 B - a +0 chain mail
 S - a +0 plate armour (worn)
Jewellery
 d - a ring of protection from fire (left hand)
 g - an uncursed amulet of resist mutation
 p - an amulet of resist corrosion (around neck)
 r - an uncursed amulet of guardian spirit
 Q - an uncursed ring of protection from magic
 V - an uncursed amulet of faith
 Z - a ring of poison resistance (right hand)
Magical devices
 m - a wand of disintegration (10)
 G - a wand of confusion (33)
 K - a wand of cold (5)
 W - a wand of heal wounds (8)
 X - a wand of magic darts (23)
 Y - a wand of polymorph (13)
Scrolls
 j - 3 scrolls of identify
 l - a scroll of torment {unknown}
 o - 2 scrolls of magic mapping
 s - 2 scrolls of teleportation
 u - a scroll of holy word {unknown}
 x - 2 scrolls of blinking
 P - 2 scrolls of fog
Potions
 e - 2 potions of brilliance
 z - 2 potions of flight
 C - a potion of poison {unknown}
 O - 2 potions of haste
Comestibles
 c - 8 bread rations
 f - 4 beef jerkies
 h - 3 meat rations
 n - 8 chunks of flesh
 E - 8 slices of pizza
 U - 10 fruits


   Skills:
 * Level 13.5 Fighting
 - Level 0.2 Long Blades
 + Level 11.0 Axes
 + Level 10.8 Armour
 - Level 2.1 Dodging


You had 9 spell levels left.
You didn't know any spells.

Dungeon Overview and Level Annotations

Branches:
Dungeon (10/15)            Temple (0/1) D:5            Lair (0/8) D:10
    Orc (2/4) D:10

Altars:
Ashenzari
Dithmenos
Elyvilon
Qazlal
Ru
Vehumet
Xom
Yredelemnul
The Shining One

Shops:
D:4 [?:*   D:6 =   D:7 (

Annotations:
D:7 Hoard


Innate Abilities, Weirdness & Mutations

You reflexively headbutt those who attack you in melee.
You have a pair of horns on your head.


Message History

You feel sick.
Drink which item? (? for menu, Esc to quit)
Okay, then.
There is a lethal amount of poison in your body!
There is a lethal amount of poison in your body!
There is a lethal amount of poison in your body!
There is a lethal amount of poison in your body!
* * * LOW HITPOINT WARNING * * *
You feel sick.
* * * LOW HITPOINT WARNING * * *
You feel sick.
* * * LOW HITPOINT WARNING * * *
You feel sick.
You offer a prayer to Trog.
Trog is extremely pleased with you.
Use which ability? (? or * to list)
Your skin crawls.
You feel resistant to hostile enchantments.
You feel slightly more hungry.
You die...

.o.#. $.....
......
......###
....$...## #
.........##.##
......o)).$..#
...#.###)##.##
#@)<# ##.....#
......##
........#
.........##
.#...#...#
.........#
..........


There were no monsters in sight!

Vanquished Creatures
  Harold (Orc:2)
  An ugly thing (D:10)
  A trapdoor spider zombie (D:9)
  A wyvern (D:6)
  2 wraiths (Ossuary)
  A human (D:7)
  A deep elf mage (D:10)
  A hungry ghost (D:7)
  A hippogriff (D:7)
  2 wargs (Orc:2)
  A yak (D:7)
  8 orc warriors
  A black bear (D:7)
  A wasp (D:10)
  An ice beast (D:5)
  10 ogres
  4 centaurs
  2 crocodiles
  6 giant frogs
  A wyvern zombie (D:6)
  A scorpion (D:7)
  4 killer bees (D:7)
  2 wights (Ossuary)
  A quasit (D:8)
  7 crimson imps
  2 giant frog zombies
  2 centaur zombies
  4 jellies
  11 orc wizards
  11 orc priests
  Ijyb (D:2)
  A hound (D:4)
  A centaur skeleton (D:10)
  2 iguanas
  8 worker ants
  A killer bee zombie (D:7)
  4 sheep
  A mummy (D:6)
  A worker ant zombie (D:9)
  10 adders
  3 shadow imps
  3 oozes
  4 adder zombies (Ossuary)
  3 worms
  2 adder skeletons
  A giant gecko (D:1)
  43 orcs
  12 bats
  A bat skeleton (D:6)
  2 bat zombies
  5 giant cockroaches
  11 hobgoblins
  15 jackals
  14 kobolds
  5 quokkas
  A ball python skeleton (Ossuary)
  A giant gecko zombie (D:8)
  12 giant newts
  2 gnoll zombies (D:4)
  8 goblins
  A hobgoblin skeleton (Ossuary)
  3 hobgoblin zombies
  2 jackal skeletons
  A kobold zombie (D:6)
  An orc skeleton (Ossuary)
  3 orc zombies
  A quokka skeleton (D:4)
  16 rats
298 creatures vanquished.

Vanquished Creatures (others)
  An ogre (D:7)
  An iguana (D:7)
  A worker ant (D:7)
  An adder (D:7)
  A hobgoblin (D:7)
  A giant gecko (D:7)
6 creatures vanquished.

Grand Total: 304 creatures vanquished

Notes
Turn   | Place    | Note
--------------------------------------------------------------
     0 | D:1      | Solfyre the Minotaur Berserker began the quest for the Orb.
     0 | D:1      | Reached XP level 1. HP: 19/19 MP: 0/0
    33 | D:1      | Reached skill level 4 in Fighting
   198 | D:1      | Reached XP level 2. HP: 20/27 MP: 1/1
   752 | D:2      | Found a radiant altar of Vehumet.
   820 | D:2      | Acquired Trog's second power
   823 | D:2      | Found a shattered altar of Ashenzari.
   845 | D:2      | Reached XP level 3. HP: 24/34 MP: 2/2
  1168 | D:2      | Found a glowing golden altar of the Shining One.
  1294 | D:2      | Noticed Ijyb
  1309 | D:2      | Killed Ijyb
  1309 | D:2      | Reached skill level 5 in Fighting
  1309 | D:2      | Reached XP level 4. HP: 40/42 MP: 3/3
  1537 | D:4      | Found Nexzam's Armour Emporium.
  1537 | D:4      | Found Lyeko's Magic Scroll Emporium.
  1552 | D:4      | Bought a scroll of magic mapping for 49 gold pieces
  1552 | D:4      | Bought a scroll of identify for 28 gold pieces
  1552 | D:4      | Bought a scroll of teleportation for 42 gold pieces
  1659 | D:3      | Found a shadowy altar of Dithmenos.
  2032 | D:4      | Found a basalt altar of Yredelemnul.
  2053 | D:4      | Noticed an ogre
  2061 | D:4      | Killed an ogre
  2061 | D:4      | Reached skill level 6 in Fighting
  2061 | D:4      | Reached skill level 5 in Axes
  2061 | D:4      | Reached XP level 5. HP: 29/51 MP: 4/4
  2127 | D:4      | Found Jir Syf's Book Shop.
  2144 | D:4      | Reached XP level 6. HP: 21/58 MP: 5/5
  2277 | D:4      | Found a stormy altar of Qazlal.
  2294 | D:4      | Found Bega's Assorted Antiques.
  2532 | D:4      | Reached skill level 7 in Fighting
  2800 | D:4      | Bought a scroll of identify for 28 gold pieces
  2859 | D:5      | Entered Level 5 of the Dungeon
  2949 | D:5      | Reached XP level 7. HP: 59/66 MP: 6/6
  2973 | D:5      | Found a staircase to the Ecumenical Temple.
  3630 | D:5      | Reached skill level 8 in Fighting
  3835 | D:6      | Noticed a wyvern
  3841 | D:6      | Killed a wyvern
  3841 | D:6      | Reached skill level 5 in Armour
  3997 | D:6      | You fall through a shaft for 3 floors!
  4029 | D:9      | Reached XP level 8. HP: 75/77 MP: 7/7
  4041 | D:9      | Acquired Trog's third power
  4108 | D:9      | Reached skill level 9 in Fighting
  4811 | D:7      | Found a sand-covered staircase.
  4824 | D:7      | Reached skill level 10 in Fighting
  4858 | Ossuary  | Entered an ossuary
  5017 | Ossuary  | Reached XP level 9. HP: 40/86 MP: 8/8
  5403 | D:6      | Found Laog's Jewellery Boutique.
  5418 | D:6      | Reached skill level 11 in Fighting
  6015 | D:7      | Found a shimmering altar of Xom.
  6220 | D:7      | Found Buthip's Weapon Boutique.
  6317 | D:7      | Found a white marble altar of Elyvilon.
  6383 | D:7      | Found a sacrificial altar of Ru.
  6515 | D:7      | Reached skill level 12 in Fighting
  6919 | D:7      | Hoard
  7078 | D:8      | Reached XP level 10. HP: 76/97 MP: 9/9
  7938 | D:7      | HP: 4/97 [killer bee (4)]
  8116 | D:10     | Entered Level 10 of the Dungeon
  8162 | D:10     | Found a staircase to the Lair.
  8189 | D:10     | Noticed a purple ugly thing
  8200 | D:10     | Killed a purple ugly thing
  8231 | D:10     | Reached skill level 10 in Axes
  8301 | D:10     | Reached skill level 10 in Armour
  8676 | D:10     | Reached skill level 13 in Fighting
  8822 | D:10     | Received a gift from Trog
  8827 | D:10     | Found a staircase to the Orcish Mines.
  9151 | Orc:1    | Entered Level 1 of the Orcish Mines
  9210 | Orc:2    | Noticed Harold
  9219 | Orc:2    | Killed Harold
  9254 | Orc:2    | HP: 5/101 [poisoned by an orc warrior]
  9258 | Orc:2    | HP: 2/101 [poisoned by an orc warrior]
  9260 | Orc:2    | Succumbed to an orc warrior's poison

Vault maps used:
D:1:      erik_arrival_triangle_small
D:2:      overflow_temple_1_default, nicolae_tso_carved_into_rock,
          ashenzari_altar_1, uniq_iyjb
D:3:      grunt_dithmenos_smoke
D:4:      nicolae_overflow_hidden_temple, lemuel_zombie_altar_yredelemnul,
          serial_shops, nicolae_shop_trees, shop,
          nicolae_shop_temple_entry_statues_fountains, shop,
          kennysheep_small_circle
D:5:      temple_fountains, first_bread, kennysheep_flooded_box,
          grunt_decor_one_mirror
D:6:      serial_shops, nicolae_shop_trees, minmay_mini_ossuary
D:7:      lemuel_crystal_altar, elyvilon_altar_5,
          lightli_ossuary_entry_decrepit_ruins, serial_shops,
          nicolae_shop_waterfront, grunt_livestock, xom_confusion_cloud
D:8:      minmay_stone_trees_small
D:10:     dpeg_lair_monsters, david_orc_4
Orc:2:    nicolae_orc_lava_tube, sword_in_stone, uniq_harold
Ossuary:  ossuary_due_cavern

Action                   |  1- 3 |  4- 6 |  7- 9 | 10-12 || total
-------------------------+-------+-------+-------+-------++-------
Melee: Hand axe          |    75 |   178 |   386 |    64 ||   703
       Whip              |     8 |       |       |       ||     8
       Falchion          |       |       |     2 |       ||     2
       Battleaxe         |       |       |       |   103 ||   103
       Executioner's axe |       |       |       |    56 ||    56
Throw: Tomahawk          |       |       |     2 |       ||     2
Invok: Berserk           |       |     1 |     4 |     1 ||     6
       Burn Spellbooks   |       |     1 |     1 |       ||     2
       Trog's Hand       |       |       |       |     3 ||     3
  Use: Scroll            |     4 |     6 |    13 |     3 ||    26
       Potion            |       |       |       |     4 ||     4
  Eat: Chunk             |     1 |     6 |    11 |     9 ||    27
       Royal jelly       |       |       |     1 |       ||     1
       Bread ration      |       |       |     1 |       ||     1
       Fruit             |       |       |       |     1 ||     1
